 Dungeon Crawl Stone Soup version 0.29.0-4-gdea44cf6ec (webtiles) character file.

Game seed: 648081937214946212

3959 qw the Cleaver (level 10, -2/59 HPs)
             Began as a Tengu Warper on Aug 28, 2022.
             Was a Follower of Okawaru.
             Slain by a warg (11 damage)
             ... on level 9 of the Dungeon.
             The game lasted 00:01:10 (10863 turns).

qw the Cleaver (Tengu Warper)                      Turns: 10863, Time: 00:01:11

Health: -2/59      AC: 18    Str: 15    XL:     10   Next: 22%
Magic:  13/14      EV:  7    Int: 15    God:    Okawaru [*.....]
Gold:   428        SH: 11    Dex: 13    Spells: 13/13 levels left

rFire   . . .      SeeInvis .   Y - +1 war axe
rCold   + . .      Faith    .   c - +0 kite shield
rNeg    + . .      Spirit   .   l - +0 plate armour
rPois   +          Reflect  .   (helmet restricted)
rElec   .          Harm     .   q - +0 cloak
rCorr   .          Rampage  .   b - +1 pair of gloves
Will    .....                   (boots unavailable)
Stlth   ..........              (no amulet)
HPRegen 0.19/turn               i - ring of positive energy
MPRegen 0.14/turn               o - ring of protection from cold

@: about to teleport, heroic, flying quickly and evasively, quick
A: beak, talons 3, nimble flight, sense surroundings 1, poison resistance
a: Renounce Religion, Heroism


You were on level 9 of the Dungeon.
You worshipped Okawaru.
Okawaru was aware of your devotion.
You visited 2 branches of the dungeon, and saw 10 of its levels.
You also visited: Ossuary.

You collected 428 gold pieces.


Innate Abilities, Weirdness & Mutations

You have a beak for a mouth.
You have claws for feet.
Your magical nature lets you fly swiftly and evasively.
You passively map a small area around you.
Your system is resistant to poisons. (rPois)


   Skills:
 - Level 5.2(10.2) Fighting
 - Level 11.1(16.1) Axes
 - Level 1.4(6.4) Throwing
 - Level 5.0(10.0) Armour
 - Level 2.1(7.1) Dodging
 + Level 6.2(11.2) Shields
 - Level 2.0 Spellcasting
 - Level 2.4 Translocations
 - Level 4.0 Invocations


You had 13 spell levels left.
You didn't know any spells.
Your spell library contained the following spells:

 Spells                   Type           Power      Damage    Failure   Level
 Blink                    Tloc           16%        N/A       100%        2
 Gell's Gravitas          Tloc           8%         N/A       100%        3
 Lesser Beckoning         Tloc           8%         N/A       100%        3
 Teleport Other           Tloc           8%         N/A       100%        3
 Manifold Assault         Tloc           8%         N/A       100%        5

Inventory:

Hand Weapons
 d - a +0 morningstar
 Y - a +1 war axe (weapon)
Armour
 b - a +1 pair of gloves (worn)
 c - a +0 kite shield (worn)
 l - a +0 plate armour (worn)
 q - a +0 cloak (worn)
Jewellery
 i - a ring of positive energy (left hand)
 o - a ring of protection from cold (right hand)
Scrolls
 a - 2 scrolls of teleportation
 j - 3 scrolls of identify
Potions
 e - a potion of cancellation
 f - a potion of resistance
 g - 6 potions of mutation
 h - 2 potions of haste
 k - a potion of heal wounds
 n - a potion of might
 p - a potion of curing

Dungeon Overview and Level Annotations

Branches:
Dungeon (9/15)             Temple (1/1) D:6         Ossuary (visited)
   Lair: D:8-11         Orc: D:9-12

Altars:
Ashenzari
Cheibriados
Dithmenos
Elyvilon
Fedhas
Gozag
Hepliaklqana
Kikubaaqudgha
Makhleb
Nemelex Xobeh
Okawaru
Qazlal
Ru
Sif Muna
Uskayaw
Vehumet
Wu Jian
Xom
Yredelemnul
Zin
The Shining One
Lugonu

Shops:
D:3 *

Portals:
Abyss: D:6

Annotations:
D:6 2 runed translucent doors


Message History

The orc priest invokes the aid of Beogh against you.
Pain shoots through your body! You block the warg's attack.
You closely miss the orc priest. You claw the orc priest.
Your peck misses the orc priest.
The orc priest is almost dead.
You slash the warg! You barely miss the warg.
The warg bites you but does no damage. The warg bites you.
You block the warg's attack.
The orc priest begins to cast a cantrip, but forgets the words!
The orc priest hits you but does no damage.
You hit the orc priest but do no damage.
The orc priest is almost dead.
You hit the warg but do no damage. x2
The warg bites you! You block the warg's attack.
You barely miss the orc priest.
You claw the orc priest, but do no damage.
The orc priest is almost dead.
You slash the warg! You barely miss the warg.
A wight comes into view.
It is wielding a +3 short sword of freezing.
A wight comes into view. It is wielding a +3 spear of freezing.
You block the orc priest's attack. The warg bites you.
You block the warg's attack.
You completely miss the orc priest. You claw the orc priest.
You kill the orc priest!
Okawaru accepts your kill.
You closely miss the warg. You slash the warg!
The warg bites you but does no damage. The warg closely misses you.
You hit the warg but do no damage.
The warg is heavily wounded.
You hit the warg.
You hit the orc priest but do no damage.
The warg bites you.
A wight comes into view. It is wielding a +0 spear.
The warg bites you!
The orc priest begins to cast a cantrip, but forgets the words!
10863 ||| READING 3 scrolls of teleportation.
As you read the scroll of teleportation, it crumbles to dust.
You feel strangely unstable. The warg barely misses you. The warg bites you!
You die...

* , #### > *
#.?##### , ,*
###...#..# , * *
#..<.....#
####......# , ,
##.###....## , *
, #@h#.....## , ,
#ho.......#
#..z#.......##
zo....o.z.......#
.o..z....#......#
.....#...#.....##
,
..#..........#.#
.,#..........>##
#..##......##


You could see 2 wargs, an orc warrior, 3 wights and an orc priest.

Vanquished Creatures
  Grinder (D:5)
  2 hornets
  Sigmund (D:5)
  3 yaks (D:8)
  3 steam dragons
  An acid dragon (D:8)
  A water moccasin (D:7)
  An ice beast (D:6)
  A black bear (D:6)
  2 sky beasts
  2 centaurs
  2 phantoms
  A bullfrog (D:7)
  2 necrophages
  2 scorpions
  3 water moccasin zombies (Ossuary)
  3 wights (D:8)
  2 howler monkeys
  2 hounds
  2 jellies
  4 orc priests
  3 iguanas
  4 orc wizards
  Ijyb (D:5)
  2 mummies (Ossuary)
  10 gnolls
  7 adders
  A shadow imp (D:7)
  A white imp (D:6)
  4 adder zombies (Ossuary)
  2 dart slugs
  33 orcs
  7 endoplasms
  4 giant cockroaches
  12 goblins
  19 hobgoblins
  3 quokkas
  8 ball pythons
  5 bats
  5 frilled lizards
  6 hobgoblin zombies (Ossuary)
  13 kobolds
  7 kobold zombies (Ossuary)
  5 orc zombies (Ossuary)
  6 rats
209 creatures vanquished.

Vanquished Creatures (others)
  A plant (D:8)
1 creature vanquished.

Grand Total: 210 creatures vanquished

Notes
Turn   | Place    | Note
-------+----------+-------------------------------------------
     0 | D:1      | qw the Tengu Warper began the quest for the Orb.
     0 | D:1      | Reached XP level 1. HP: 12/12 MP: 4/4
     0 | D:1      | 0 ||| qw: Version: 0.1-a-89-g26bdef1
     0 | D:1      | 0 ||| qw: Game counter: 2831
     0 | D:1      | 0 ||| qw: Always use a shield: true
     0 | D:1      | 0 ||| qw: God list: Okawaru
     0 | D:1      | 0 ||| qw: Allow faded altars: false
     0 | D:1      | 0 ||| qw: Do Orc after D:15 true
     0 | D:1      | 0 ||| qw: Do second Lair branch before Depths: true
     0 | D:1      | 0 ||| qw: Lair rune preference: random
     0 | D:1      | 0 ||| qw: Plans: Normal
     0 | D:1      | 0 ||| PLANNING D:1-11
   310 | D:1      | Reached skill level 3 in Axes
   310 | D:1      | Reached XP level 2. HP: 9/17 MP: 6/6
  1317 | D:1      | 1317 ||| UPGRADING to +0 chain mail.
  1327 | D:1      | 1327 ||| DROPPING +0 leather armour.
  1328 | D:1      | 1328 ||| UPGRADING to ring of positive energy.
  1329 | D:1      | 1329 ||| DRINKING 3 white potions.
  1329 | D:1      | Gained mutation: You passively map a small area around you.
                  | [potion of mutation]
  1329 | D:1      | Gained mutation: Your system is resistant to poisons.
                  | (rPois) [potion of mutation]
  1330 | D:1      | 1330 ||| DROPPING scroll of blinking.
  1400 | D:2      | Reached XP level 3. HP: 8/21 MP: 7/7
  1401 | D:2      | HP: 5/21 [poisoned by an adder]
  1404 | D:2      | HP: 2/21 [poisoned by an adder]
  1671 | D:2      | Identified the +1 falchion of the Shining Light {vamp, rF+
                  | Str+4}
  1742 | D:2      | Reached skill level 4 in Axes
  1801 | D:2      | Found a faded altar of an unknown god.
  2041 | D:2      | 2041 ||| READING 2 scrolls labelled MIALITY UT PUM.
  2042 | D:2      | 2042 ||| READING scroll labelled JIHASERICS.
  2045 | D:2      | 2045 ||| READING 2 scrolls labelled DELEYMUVUR.
  2046 | D:2      | 2046 ||| READING scroll labelled VOECI ROJAW.
  2047 | D:2      | 2047 ||| DROPPING scroll of fog.
  2136 | D:3      | Found a blossoming altar of Fedhas.
  2144 | D:3      | Found a hazy altar of Hepliaklqana.
  2317 | D:3      | 2317 ||| SWAPPING to +0 war axe.
  2318 | D:3      | 2318 ||| DROPPING +0 hand axe.
  2366 | D:3      | 2366 ||| Stepping ~*~*~tactically~*~*~ (stealth).
  2372 | D:3      | Reached XP level 4. HP: 26/26 MP: 8/8
  2620 | D:3      | 2620 ||| Stepping ~*~*~tactically~*~*~ (stealth).
  2626 | D:3      | 2626 ||| FLEEEEING.
  2628 | D:3      | 2628 ||| FLEEEEING.
  2629 | D:3      | 2629 ||| FLEEEEING.
  2630 | D:3      | 2630 ||| FLEEEEING.
  2631 | D:3      | 2631 ||| STAIRDANCE
  2778 | D:2      | 2778 ||| UPGRADING to +0 pair of gloves.
  2815 | D:3      | 2815 ||| DROPPING +0 club.
  2819 | D:3      | 2819 ||| Stepping ~*~*~tactically~*~*~ (stealth).
  2823 | D:3      | 2823 ||| Stepping ~*~*~tactically~*~*~ (stealth).
  2829 | D:3      | 2829 ||| DROPPING +0 whip.
  2849 | D:3      | Reached skill level 5 in Axes
  3104 | D:3      | Found a shadowy altar of Dithmenos.
  3255 | D:3      | Found Tecyev's General Store.
  3260 | D:3      | 3260 ||| SHOPLISTING +1 chain mail "Aseufiap" {rPois rCorr}
                  | (289 gold, have 177).
  3371 | D:3      | 3371 ||| READING scroll labelled ECHA QI QAESUF.
  3372 | D:3      | 3372 ||| READING 2 scrolls of identify.
  3372 | D:3      | 3372 ||| IDENTIFYING emerald potion
  3390 | D:4      | 3390 ||| PLANNING OSSUARY
  3390 | D:4      | 3390 ||| STAIRDANCE
  3428 | D:4      | 3428 ||| STAIRDANCE
  3553 | D:4      | Found a sand-covered staircase.
  3554 | D:4      | 3554 ||| UPGRADING to +1 chain mail of cold resistance.
  3564 | D:4      | 3564 ||| DROPPING +0 chain mail.
  3565 | D:4      | 3565 ||| READING scroll labelled XIRUPL ODEN.
  3573 | Ossuary  | Entered an ossuary
  3586 | Ossuary  | Gained mutation: Your magical nature lets you fly swiftly
                  | and evasively. [Tengu growth]
  3586 | Ossuary  | Reached XP level 5. HP: 27/30 MP: 9/9
  3736 | Ossuary  | Reached skill level 6 in Axes
  3808 | Ossuary  | Reached XP level 6. HP: 28/35 MP: 10/10
  3820 | Ossuary  | Reached skill level 7 in Axes
  3989 | Ossuary  | 3989 ||| DRINKING 2 viscous pink potions.
  3990 | Ossuary  | 3990 ||| DRINKING 2 fizzy ruby potions.
  3991 | Ossuary  | 3991 ||| DRINKING 3 murky brown potions.
  3992 | Ossuary  | 3992 ||| DRINKING 2 bubbling amethyst potions.
  3993 | Ossuary  | 3993 ||| READING 3 scrolls of identify.
  3993 | Ossuary  | 3993 ||| IDENTIFYING lumpy orange potion
  3994 | Ossuary  | 3994 ||| READING 2 scrolls of identify.
  3994 | Ossuary  | 3994 ||| IDENTIFYING coppery potion
  3995 | Ossuary  | 3995 ||| DROPPING potion of flight.
  3996 | Ossuary  | 3996 ||| DROPPING 2 potions of attraction.
  4003 | D:4      | 4003 ||| PLANNING D:1-11
  4043 | D:4      | 4043 ||| Stepping ~*~*~tactically~*~*~ (stealth).
  4048 | D:4      | Reached skill level 3 in Fighting
  4055 | D:4      | 4055 ||| Stepping ~*~*~tactically~*~*~ (stealth).
  4063 | D:4      | 4063 ||| Stepping ~*~*~tactically~*~*~ (stealth).
  4064 | D:4      | 4064 ||| Stepping ~*~*~tactically~*~*~ (hiding).
  4072 | D:4      | Reached XP level 7. HP: 29/41 MP: 11/11
  4075 | D:4      | 4075 ||| Stepping ~*~*~tactically~*~*~ (stealth).
  4106 | D:4      | 4106 ||| Stepping ~*~*~tactically~*~*~ (stealth).
  4107 | D:4      | 4107 ||| Stepping ~*~*~tactically~*~*~ (stealth).
  4188 | D:4      | 4188 ||| Stepping ~*~*~tactically~*~*~ (stealth).
  4199 | D:4      | 4199 ||| Stepping ~*~*~tactically~*~*~ (stealth).
  4200 | D:4      | 4200 ||| Stepping ~*~*~tactically~*~*~ (stealth).
  4201 | D:4      | 4201 ||| Stepping ~*~*~tactically~*~*~ (stealth).
  4204 | D:4      | 4204 ||| Stepping ~*~*~tactically~*~*~ (stealth).
  4208 | D:4      | 4208 ||| Stepping ~*~*~tactically~*~*~ (stealth).
  4242 | D:4      | Found an opulent altar of Gozag.
  4243 | D:4      | Found an ornate altar of the Wu Jian Council.
  4303 | D:4      | 4303 ||| Stepping ~*~*~tactically~*~*~ (stealth).
  4334 | D:4      | 4334 ||| FLEEEEING.
  4341 | D:4      | 4341 ||| STAIRDANCE
  4416 | D:3      | 4416 ||| UPGRADING to +0 plate armour.
  4426 | D:3      | 4426 ||| DROPPING +1 chain mail of cold resistance.
  4427 | D:3      | 4427 ||| UPGRADING to ring of protection from cold.
  4723 | D:5      | Entered Level 5 of the Dungeon
  4753 | D:5      | Noticed Ijyb
  4759 | D:5      | 4759 ||| DRINKING 4 potions of curing.
  4759 | D:5      | 4759 ||| (to cure confusion)
  4763 | D:5      | 4763 ||| DRINKING 3 potions of curing.
  4763 | D:5      | 4763 ||| (to cure confusion)
  4765 | D:5      | Killed Ijyb
  4814 | D:5      | Reached skill level 3 in Armour
  4991 | D:5      | 4991 ||| FLEEEEING.
  4992 | D:5      | 4992 ||| FLEEEEING.
  4994 | D:5      | 4994 ||| FLEEEEING.
  4995 | D:5      | 4995 ||| STAIRDANCE
  5039 | D:5      | Reached skill level 8 in Axes
  5182 | D:5      | Noticed Sigmund
  5203 | D:5      | 5203 ||| FLEEEEING.
  5204 | D:5      | 5204 ||| FLEEEEING.
  5205 | D:5      | 5205 ||| FLEEEEING.
  5223 | D:5      | 5223 ||| FLEEEEING.
  5223 | D:5      | HP: 10/41 [something/puff of flame (7)]
  5224 | D:5      | 5224 ||| FLEEEEING.
  5225 | D:5      | 5225 ||| DRINKING 2 potions of curing.
  5225 | D:5      | 5225 ||| (to cure confusion)
  5226 | D:5      | 5226 ||| FLEEEEING.
  5231 | D:5      | 5231 ||| FLEEEEING.
  5241 | D:5      | 5241 ||| DRINKING potion of curing.
  5241 | D:5      | 5241 ||| (to cure confusion)
  5246 | D:5      | 5246 ||| FLEEEEING.
  5247 | D:5      | 5247 ||| FLEEEEING.
  5256 | D:5      | Killed Sigmund
  5257 | D:5      | Reached XP level 8. HP: 31/46 MP: 12/12
  5348 | D:5      | 5348 ||| Invisible monster not found???
  5420 | D:5      | Reached skill level 9 in Axes
  5474 | D:5      | Noticed Grinder
  5475 | D:5      | 5475 ||| FLEEEEING.
  5500 | D:5      | Paralysed by Grinder for 3 turns
  5507 | D:5      | Killed Grinder
  6138 | D:5      | 6138 ||| READING scroll labelled ACUSUORREU.
  6139 | D:5      | 6139 ||| DRINKING 2 metallic golden potions.
  6140 | D:5      | 6140 ||| READING 2 scrolls of identify.
  6140 | D:5      | 6140 ||| IDENTIFYING amethyst potion
  6141 | D:5      | 6141 ||| DROPPING potion of magic.
  6192 | D:6      | Found a one-way gate to the infinite horrors of the Abyss.
  6192 | D:6      | Identified the +7 short sword "Idoa" {distort, Dex+4}
  6309 | D:6      | Reached skill level 10 in Axes
  6577 | D:6      | Found a staircase to the Ecumenical Temple.
  6578 | D:6      | 6578 ||| PLANNING TEMPLE
  6586 | Temple   | Entered the Ecumenical Temple
  6642 | Temple   | Became a worshipper of Warmaster Okawaru
  6677 | Temple   | 6677 ||| PLANNING D:1-11
  6755 | D:6      | Reached XP level 9. HP: 24/54 MP: 13/13
  7094 | D:6      | Found a large runed translucent door.
  7094 | D:6      | Found a large runed translucent door.
  7097 | D:6      | Found a corrupted altar of Lugonu.
  7759 | D:6      | 7759 ||| UPGRADING to +0 kite shield.
  7764 | D:6      | 7764 ||| UPGRADING to +0 cloak.
  7769 | D:6      | 7769 ||| READING scroll labelled FURCHI WASI.
  7770 | D:6      | 7770 ||| READING 3 scrolls of identify.
  7770 | D:6      | 7770 ||| IDENTIFYING fuming orange potion
  7771 | D:6      | 7771 ||| DROPPING potion of lignification.
  7809 | D:7      | 7809 ||| Stepping ~*~*~tactically~*~*~ (hiding).
  7862 | D:7      | 7862 ||| Stepping ~*~*~tactically~*~*~ (hiding).
  7874 | D:7      | HP: 12/54 [necrophage (2)]
  7875 | D:7      | 7875 ||| READING 4 scrolls of teleportation.
  7876 | D:7      | 7876 ||| DRINKING potion of heal wounds.
  8044 | D:7      | 8044 ||| READING scroll labelled XUPSIAX YCIEDDO.
  8052 | D:7      | Reached * piety under Okawaru
  8053 | D:7      | Reached skill level 3 in Shields
  8330 | D:7      | 8330 ||| READING scroll of enchant armour.
  8330 | D:7      | 8330 ||| ENCHANTING +0 pair of gloves.
  8366 | D:7      | 8366 ||| INVOKING Heroism.
  8368 | D:7      | Reached skill level 1 in Invocations
  8590 | D:7      | 8590 ||| Stepping ~*~*~tactically~*~*~ (stealth).
  8642 | D:7      | 8642 ||| Stepping ~*~*~tactically~*~*~ (stealth).
  8652 | D:7      | 8652 ||| INVOKING Heroism.
  8761 | D:7      | Noticed a hornet
  8769 | D:7      | 8769 ||| INVOKING Heroism.
  8778 | D:7      | Killed a hornet
  9058 | D:7      | 9058 ||| READING scroll labelled GOLAHU XAAHAU.
  9093 | D:8      | Reached skill level 3 in Invocations
  9095 | D:8      | 9095 ||| INVOKING Heroism.
  9097 | D:8      | 9097 ||| Stepping ~*~*~tactically~*~*~ (cloud).
  9111 | D:8      | 9111 ||| FLEEEEING.
  9112 | D:8      | 9112 ||| STAIRDANCE
  9235 | D:8      | 9235 ||| STAIRDANCE
  9331 | D:8      | 9331 ||| Stepping ~*~*~tactically~*~*~ (stealth).
  9339 | D:8      | 9339 ||| Stepping ~*~*~tactically~*~*~ (hiding).
  9513 | D:8      | 9513 ||| Stepping ~*~*~tactically~*~*~ (stealth).
  9518 | D:8      | 9518 ||| Stepping ~*~*~tactically~*~*~ (hiding).
  9523 | D:8      | 9523 ||| INVOKING Heroism.
  9569 | D:8      | 9569 ||| Stepping ~*~*~tactically~*~*~ (hiding).
  9573 | D:8      | 9573 ||| INVOKING Heroism.
  9584 | D:8      | Reached skill level 6 in Shields
  9748 | D:8      | 9748 ||| INVOKING Heroism.
  9874 | D:8      | Noticed a hornet
  9886 | D:8      | Killed a hornet
  9887 | D:8      | Reached XP level 10. HP: 44/59 MP: 14/14
 10070 | D:8      | 10070 ||| INVOKING Heroism.
 10076 | D:8      | Reached ** piety under Okawaru
 10077 | D:8      | Reached skill level 11 in Axes
 10297 | D:8      | 10297 ||| INVOKING Heroism.
 10802 | D:8      | 10802 ||| READING 4 scrolls of identify.
 10802 | D:8      | 10802 ||| IDENTIFYING bubbling black potion
 10803 | D:8      | 10803 ||| DROPPING potion of berserk rage.
 10844 | D:9      | 10844 ||| Stepping ~*~*~tactically~*~*~ (hiding).
 10849 | D:9      | 10849 ||| INVOKING Heroism.
 10862 | D:9      | HP: 8/59 [warg (11)]
 10863 | D:9      | 10863 ||| READING 3 scrolls of teleportation.
 10863 | D:9      | Slain by a warg

Levels and vault maps discovered:
D:1:      dpeg_arrival_signposts, layout_basic, chequers_hall_statues_wall_a,
          chequers_serial_rivers_micro_a
D:2:      layout_rooms, hellmonk_ecumenical_altar_pennies_from_heaven,
          fountainhead, minmay_box_of_dots
D:3:      layout_loops_ring, mainiacjoe_overflow_catwalk_spiral,
          general_overflow_altar, serial_shops, shop, kennysheep_generic_room_15
D:4:      layout_rooms, nicolae_overflow_squiral, chequers_ossuary_entry_cave
D:5:      layout_loops_corners, kennysheep_generic_room_10, uniq_ijyb,
          uniq_sigmund, uniq_grinder
D:6:      due_chaos_kobolds, layout_basic, minmay_temple_entry_butterflies
D:7:      layout_rooms
D:8:      corexii_shantytown, layout_layer_cave
D:9:      layout_cave_pools, mainiacjoe_overflow_six_doors_small,
          erik_lair_orcish_takeover, orc_0_dummy, mrwooster_statue_mirror,
          nicolae_shop_self_help
Temple:   kb_temple_of_zot

Skill      XL: |  1  2  3  4  5  6  7  8  9 10 |
---------------+-------------------------------+-----
Axes           | 3 4 5 6 7 8 10 11 | 11.1
Armour         | 2 4 5 |  5.0
Fighting       | 3 5 |  5.2
Shields        | 6 |  6.2
Invocations    | 4 |  4.0
Throwing       | |  1.4
Dodging        | |  2.1
Spellcasting   | |  2.0
Translocations | |  2.4

Action                   |  1- 3 |  4- 6 |  7- 9 | 10-12 || total
-------------------------+-------+-------+-------+-------++-------
Melee: Hand axe          |    87 |       |       |       ||    87
       Kick              |    18 |    40 |    89 |    29 ||   176
       Peck              |    16 |    19 |    54 |    12 ||   101
       War axe           |     3 |   158 |   316 |    74 ||   551
       Punch             |       |     1 |     2 |       ||     3
Throw: Boomerang         |     7 |       |     4 |       ||    11
Invok: Heroism           |       |       |     7 |     3 ||    10
  Use: Potion            |     1 |     4 |     6 |       ||    11
       Scroll            |     4 |     5 |     8 |     2 ||    19
Armor: Leather armour    |     5 |       |       |       ||     5
       Chain mail        |    31 |    82 |     8 |       ||   121
       Plate armour      |       |       |   210 |    16 ||   226
Dodge: Dodged            |    26 |    39 |    63 |    14 ||   142
Block: Kite shield       |       |       |    56 |    29 ||    85

Table legend:
 A = Non-vault XP
 B = Vault XP
 C = Vault XP percentage of total XP
 D = Non-vault monster count
 E = Vault monster count
 F = Vault count percentage of total count
                 A         B        C        D         E       F
            +---------+---------+-------+---------+---------+-------
      Total |    4582 |    1075 |  19.0 |     143 |      66 |  31.6
            +---------+---------+-------+---------+---------+-------
        D:1 |      22 |       0 |   0.0 |      15 |       0 |   0.0
        D:2 |      44 |       5 |  10.2 |      13 |       3 |  18.8
        D:3 |      82 |       2 |   2.4 |      29 |       1 |   3.3
        D:4 |     287 |       0 |   0.0 |      24 |       0 |   0.0
        D:5 |     410 |     627 |  60.5 |      11 |       4 |  26.7
        D:6 |     656 |       0 |   0.0 |      14 |       0 |   0.0
        D:7 |    1349 |       0 |   0.0 |      14 |       0 |   0.0
        D:8 |    1732 |      91 |   5.0 |      23 |      30 |  56.6
        D:9 |       0 |      44 | 100.0 |       0 |       1 | 100.0
    Ossuary |       0 |     306 | 100.0 |       0 |      27 | 100.0
            +---------+---------+-------+---------+---------+-------
